 Dungeon Crawl Stone Soup version 0.30.1-9-gdf580d7c3d (webtiles) character file.

Game seed: 18121859532161206637

177 KittyFluff the Cudgeller (level 5, 0/49 HPs)
             Began as a Gargoyle Berserker on Oct 14, 2023.
             Was a Believer of Trog.
             Slain by a gnoll
             ... wielding a +0 spear
             ... led by a gnoll sergeant
              (5 damage)
             ... on level 4 of the Dungeon.
             The game lasted 00:10:11 (2254 turns).

KittyFluff the Cudgeller (Gargoyle Berserker)       Turns: 2254, Time: 00:10:13

Health: 0/49       AC:  9    Str: 23    XL:     5   Next: 57%
Magic:  5/5        EV: 11    Int:  7    God:    Trog [**....]
Gold:   83         SH:  0    Dex:  9    Spells: 4/4 levels left

rFire   + . .        l - +9 whip of Living Reinforcement {flame, SInv}
rCold   + . .        (no shield)
rNeg    + . .        k - +0 leather armour {rC+}
rPois   ∞            (no helmet)
rElec   +            (no cloak)
rCorr   .            f - +0 pair of gloves
SInv    +            d - +0 pair of boots
Will    .....        (no amulet) Stlth
                     c - ring of protection from fire
HPRegen 0.28/turn    (no ring)
MPRegen 0.09/turn

%: no passive effects
@: berserking, very quick
A: sickness immunity, AC +4, negative energy resistance 1, electricity
resistance, torment resistance 1, petrification resistance
a: Renounce Religion, Berserk, Trog's Hand


You were on level 4 of the Dungeon.
You worshipped Trog.
Trog was pleased with you.
You visited 1 branch of the dungeon, and saw 4 of its levels.

You collected 148 gold pieces.
You spent 65 gold pieces at shops.

Inventory:

Hand Weapons
 l - the +9 whip of Living Reinforcement (weapon) {flame, SInv}
   (You found it on level 2 of the Dungeon)

   SInv:      It lets you see invisible.
 p - a +2 mace of protection
 s - a +2 sling of freezing
Missiles
 x - 6 poisoned darts (quivered)
Armour
 d - a +0 pair of boots (worn)
 f - a +0 pair of gloves (worn)
 k - a +0 leather armour of cold resistance (worn)
Jewellery
 c - a ring of protection from fire (left hand)
Scrolls
 a - a scroll of teleportation {unknown}
 b - a scroll of enchant weapon {unknown}
 e - a scroll of magic mapping {unknown}
 i - 2 scrolls of acquirement {unknown}
 m - a scroll of amnesia {unknown}
 o - a scroll of poison {unknown}
 t - a scroll of identify {unknown}
 u - 3 scrolls of noise {unknown}
 w - a scroll of fog {unknown}
Potions
 g - 2 potions of brilliance {unknown}
 h - 2 potions of curing {unknown}
 j - 2 potions of haste {unknown}
 n - a potion of magic {unknown}
 q - a potion of heal wounds
 r - a potion of resistance {unknown}
 v - 2 potions of mutation {unknown}


   Skills:
 + Level 4.1 Fighting
 * Level 4.2 Maces & Flails
 * Level 3.9 Armour
 + Level 2.2 Dodging


You had 4 spell levels left.
You didn't know any spells.
Your spell library was empty.

Dungeon Overview and Level Annotations

Branches:
Dungeon (4/15)
 Temple: D:4-7

Altars:
Ashenzari
Gozag
Nemelex Xobeh
Uskayaw
Vehumet
The Shining One

Shops:
D:1 (   D:2 *


Innate Abilities, Weirdness & Mutations

You are immune to sickness and miasma.
Your stone body is resilient. (AC +4)
You are immune to poison.
You resist negative energy. (rN+)
You are resistant to electric shocks. (rElec)
You are resistant to unholy torment.
You are immune to petrification.


Message History

You bump into the rock wall.
The orc wizard gestures wildly while chanting.
The orc wizard flickers and vanishes for a moment.
The gnoll hits you but does no damage.
The gnoll sergeant hits you but does no damage.
You bump into the rock wall.
The gnoll barely misses you. The gnoll sergeant closely misses you.
The orc wizard hits you but does no damage.
You're too confused to move!
The gnoll hits you but does no damage.
The gnoll sergeant hits you from afar with a +0 spear.
The orc wizard hits you with a +0 dagger.
The orc closely misses you.
You whack the orc! You burn the orc.
You kill the orc!
Trog accepts your kill. The gnoll hits you with a +0 spear.
The orc wizard hits you but does no damage.
The gnoll sergeant hits you from afar with a +0 spear.
You feel less confused. The gnoll barely misses you.
You hit the gnoll but do no damage. The gnoll barely misses you.
The gnoll sergeant hits you from afar with a +0 spear.
The orc wizard hits you but does no damage.
You hit the gnoll. You burn the gnoll.
The gnoll is lightly wounded.
The orc wizard gestures at you while chanting.
You resist with some effort.
The gnoll sergeant hits you from afar with a +0 spear!
A red film seems to cover your vision as you go berserk!
You feel yourself moving faster!
You feel mighty! The gnoll hits you with a +0 spear.
* * * LOW HITPOINT WARNING * * *
The gnoll sergeant closely misses you. The orc wizard barely misses you.
You barely miss the gnoll.
The gnoll is lightly wounded.
The orc wizard gestures at you while chanting.
The magic dart hits you!
* * * LOW HITPOINT WARNING * * *
The gnoll hits you with a +0 spear.
You die...

.# ..## ######...
....#.####
#.>.......
###########.........
#........).......###
##.########g@......#
#<........#o.......#
##.######.#.g......#
#.# #.#..)...... #.#
#.#......... #.#
#)#......... #.#
#.#.........
#.######.#.$....###
#................


You could see a gnoll sergeant, an orc wizard (invisible) and a gnoll.

Vanquished Creatures
  A sleepcap (D:4)
  6 gnolls
  3 adders (D:3)
  2 worms (D:2)
  A dart slug (D:3)
  3 orcs (D:4)
  2 bats (D:1)
  7 endoplasms
  4 giant cockroaches
  4 goblins
  5 hobgoblins
  2 jackals (D:1)
  2 quokkas (D:3)
  5 ball pythons
  A frilled lizard (D:1)
  3 kobolds
  5 rats
56 creatures vanquished.

Notes
Turn   | Place    | Note
-------+----------+-------------------------------------------
     0 | D:1      | KittyFluff the Gargoyle Berserker began the quest for the
                  | Orb.
     0 | D:1      | Reached XP level 1. HP: 14/14 MP: 1/1
    76 | D:1      | Found Woaroyxt's Antique Weapon Shop.
   210 | D:1      | Reached XP level 2. HP: 19/19 MP: 2/2
   665 | D:2      | Reached XP level 3. HP: 22/23 MP: 3/3
   684 | D:2      | Identified the +9 whip of Living Reinforcement {flame,
                  | SInv}
   729 | D:2      | Found a radiant altar of Vehumet.
   846 | D:2      | Found Wirewkabb's General Store.
   865 | D:2      | Reached XP level 4. HP: 21/29 MP: 4/4
   928 | D:2      | Reached ** piety under Trog
  1248 | D:2      | Bought a potion of heal wounds for 65 gold pieces
  1598 | D:3      | Found a faded altar of an unknown god.
  1731 | D:3      | Found a hide-covered altar of Uskayaw.
  1743 | D:3      | Found a sparkling altar of Nemelex Xobeh.
  1854 | D:3      | Found an opulent altar of Gozag.
  1931 | D:3      | Found a broken altar of Ashenzari.
  2096 | D:3      | Reached XP level 5. HP: 33/33 MP: 5/5
  2102 | D:3      | Found a glowing golden altar of the Shining One.
  2254 | D:4      | Slain by a gnoll

Illustrated notes

Levels and vault maps discovered:
D:1:      minmay_arrival_hallway, layout_basic, serial_shops, shop
D:2:      layout_basic, basic_altar, serial_shops,
          nicolae_shop_tiny_statue_garden
D:3:      layout_basic, nicolae_overflow_quartered_altars, lemuel_doored_altar,
          ebering_ecumenical_altar_webs
D:4:      layout_basic

Skill      XL: |  1  2  3  4  5 |
---------------+----------------+-----
Armour         | 3 |  3.9
Dodging        | 2 |  2.2
Maces & Flails | 4 |  4.2
Fighting       | 4 |  4.1

Action                     |  1- 3 |  4- 6 || total
---------------------------+-------+-------++-------
  Melee: Mace              |    51 |       ||    51
         Whip              |    11 |    67 ||    78
 Invoke: Berserk           |     1 |     1 ||     2
 Armour: Animal skin       |    22 |     9 ||    31
         Leather armour    |       |    20 ||    20
  Dodge: Dodged            |    47 |    34 ||    81
